 Dungeon Crawl Stone Soup version 0.30.1-9-gdf580d7c3d (webtiles) character file.

Game seed: 12115970313572147001

2 KittyFluff the Trooper (level 1, 0/21 HPs)
             Began as a Gargoyle Berserker on Oct 14, 2023.
             Was a Follower of Trog.
             Slain by a frilled lizard (2 damage)
             ... on level 1 of the Dungeon.
             The game lasted 00:00:17 (61 turns).

KittyFluff the Trooper (Gargoyle Berserker)           Turns: 61, Time: 00:00:18

Health: 0/21       AC:  4    Str: 20    XL:     1   Next: 30%
Magic:  1/1        EV: 11    Int:  7    God:    Trog [*.....]
Gold:   0          SH:  0    Dex:  9    Spells: 0/0 levels left

rFire   . . .        a - +0 mace
rCold   . . .        (no shield)
rNeg    + . .        b - +0 animal skin
rPois   ∞            (no helmet)
rElec   +            (no cloak)
rCorr   .            (no gloves)
SInv    .            (no boots)
Will    .....        (no amulet) Stlth
                     (no ring)
HPRegen 0.23/turn    (no ring)
MPRegen 0.07/turn

%: no passive effects
@: berserking, very quick
A: sickness immunity, AC +2, negative energy resistance 1, electricity
resistance, torment resistance 1, petrification resistance
a: Renounce Religion, Berserk


You were on level 1 of the Dungeon.
You worshipped Trog.
Trog was aware of your devotion.
You visited 1 branch of the dungeon, and saw 1 of its levels.

Inventory:

Hand Weapons
 a - a +0 mace (weapon)
Missiles
 e - 3 poisoned darts (quivered)
Armour
 b - a +0 animal skin (worn)
Scrolls
 c - a scroll of amnesia {unknown}
 d - a scroll of fear {unknown}
 f - a scroll of enchant weapon {unknown}


   Skills:
 + Level 3.3 Fighting
 * Level 3.0 Maces & Flails
 * Level 2.2 Armour
 + Level 1.6 Dodging


You couldn't memorise any spells.
You didn't know any spells.
Your spell library was empty.

Dungeon Overview and Level Annotations

Branches:
Dungeon (1/15)

Altars:


Innate Abilities, Weirdness & Mutations

You are immune to sickness and miasma.
Your stone body is resilient. (AC +2)
You are immune to poison.
You resist negative energy. (rN+)
You are resistant to electric shocks. (rElec)
You are resistant to unholy torment.
You are immune to petrification.


Message History

Trog says: Kill them all!
Press ? for a list of commands and other information.
Found a scroll labelled ELENGAE ZUME.
Found an escape hatch in the floor.
Found a staircase leading out of the dungeon.
Found a scroll labelled DAPHOI MEENO.
c - a scroll labelled ELENGAE ZUME
Found a spear and 3 poisoned darts.
Found a scroll labelled LIT COUQUITHRA.
Found a spear.
d - a scroll labelled DAPHOI MEENO You see here 3 poisoned darts.
e - 3 poisoned darts A rat comes into view.
You thump the rat!
You kill the rat!
Trog accepts your kill.
f - a scroll labelled LIT COUQUITHRA
Found a mace.
A ball python comes into view.
Found a runed short sword.
A frilled lizard and a gnoll come into view.
The ball python hisses angrily.
The frilled lizard hisses angrily.
The gnoll shouts!
You hit the ball python.
You kill the ball python!
Trog accepts your kill.
Found 9 gold pieces.
The gnoll barely misses you. The gnoll hits you with a +0 spear.
You hit the gnoll.
The gnoll is lightly wounded.
The gnoll hits you with a +0 spear.
You sock the gnoll!
The gnoll is almost dead.
The frilled lizard bites you but does no damage.
The gnoll hits you with a +0 spear!
Ouch! That really hurt!
* * * LOW HITPOINT WARNING * * *
A red film seems to cover your vision as you go berserk!
You feel yourself moving faster!
You feel mighty! The frilled lizard bites you.
You die...

##. .. ..#.$ ....##
....# .# ...)# #.#
###############...##..#
#.............#g.......
#.<........##.#@l..###.
#.............#....#)#.
####.>.########....###.
###...#...............
##.#...#..........##...
#.........)##.....# ..
#...........#.###.... .
#.........#....# ####
##........###....


You could see a gnoll and a frilled lizard.

Vanquished Creatures
  A ball python (D:1)
  A rat (D:1)
2 creatures vanquished.

Notes
Turn   | Place    | Note
-------+----------+-------------------------------------------
     0 | D:1      | KittyFluff the Gargoyle Berserker began the quest for the
                  | Orb.
     0 | D:1      | Reached XP level 1. HP: 14/14 MP: 1/1
    61 | D:1      | Slain by a frilled lizard

Illustrated notes

Levels and vault maps discovered:
D:1:      amcnicky_arrival_blooded_trapdoor, layout_rooms, item_on_display_b

Action                     || total
---------------------------++-------
  Melee: Mace              ||     4
 Invoke: Berserk           ||     1
 Armour: Animal skin       ||     1
  Dodge: Dodged            ||     1
